 Dungeon Crawl Stone Soup version 0.28.0-53-g5a82cb258f (webtiles) character file.

Game seed: 7677058479050410157

36739 cbfl8 the Severer (level 13, 0/122 HPs)
             Began as a Minotaur Berserker on July 28, 2022.
             Was an Elder of Trog.
             Succumbed to Nessos's poison
             ... on level 15 of the Dungeon.
             The game lasted 00:30:13 (25112 turns).

cbfl8 the Severer (Minotaur Berserker)             Turns: 25112, Time: 00:30:13

Health: 0/122      AC: 23    Str: 29    XL:     13   Next: 54%
Magic:  7/7        EV: 13    Int:  7    God:    Trog [****..]
Gold:   1289       SH:  0    Dex: 14    Spells: 12/12 levels left

rFire   x . .      SeeInvis .   x - +2 battleaxe (antimagic)
rCold   + + .      Faith    .   (shield currently unavailable)
rNeg    . . .      Spirit   .   y - +5 chain mail of Twilight {rF- Will+++}
rPois   +          Reflect  .   J - +0 hat {Int+3}
rElec   .          Harm     .   v - +1 cloak {Will+}
rCorr   .          Rampage  .   (no gloves)
Will    ++++.                   I - +2 pair of boots
Stlth   ..........              K - amulet of Zin's Wrath {RegenMP Fly rC++ MP+9}
HPRegen 0.30/turn               E - +6 ring of strength
MPRegen 0.50/turn               e - ring of poison resistance

@: lethally poisoned (0 -> -3), on berserk cooldown, attractive, flying, slowed,
very slow
A: horns 2, retaliatory headbutt
a: Renounce Religion, Berserk, Trog's Hand, Brothers in Arms


You were on level 15 of the Dungeon.
You worshipped Trog.
Trog was greatly pleased with you.
You visited 1 branch of the dungeon, and saw 15 of its levels.

You collected 1289 gold pieces.

Inventory:

Hand Weapons
 w - a +0 war axe of electrocution
 x - a +2 antimagic battleaxe (weapon)
 N - a +0 battleaxe
Armour
 j - the +2 shield of Resistance {rF++ rC++ Will++}
   (You found it on level 12 of the Dungeon)

   rF:        It greatly protects you from fire.
   rC:        It greatly protects you from cold.
   Will:      It greatly increases your willpower.
 v - a +1 cloak of willpower (worn)
 y - the +5 chain mail of Twilight (worn) {rF- Will+++}
   (You found it on level 7 of the Dungeon)

   rF:        It makes you vulnerable to fire.
   Will:      It greatly increases your willpower.
 I - a +2 pair of boots (worn)
 J - a +0 hat of intelligence (worn)
Jewellery
 e - a ring of poison resistance (right hand)
 o - a ring of positive energy
 C - a ring of ice
 E - a +6 ring of strength (left hand)
 G - a +6 ring of strength
 K - the amulet of Zin's Wrath (around neck) {RegenMP Fly rC++ MP+9}
   (You found it on level 10 of the Dungeon)

   [amulet of magic regeneration]

   It increases your rate of magic regeneration.
   rC:        It greatly protects you from cold.
   MP:        It affects your magic capacity (+9).
   Fly:       It grants you flight.
 M - a ring of flight
Wands
 t - a wand of charming (5)
 D - a wand of digging (3)
Scrolls
 a - a scroll of enchant weapon {unknown}
 b - 2 scrolls of fear
 c - 4 scrolls of enchant armour
 f - 2 scrolls of blinking {unknown}
 g - a scroll of summoning
 i - 3 scrolls of noise
 l - 2 scrolls of immolation
 n - 10 scrolls of teleportation
 q - 2 scrolls of magic mapping {unknown}
 s - a scroll of acquirement {unknown}
 A - a scroll of identify
 F - a scroll of torment {unknown}
 L - a scroll of amnesia {unknown}
 O - a scroll of holy word {unknown}
 Q - a scroll of brand weapon {unknown}
Potions
 k - 5 potions of haste
 m - a potion of brilliance
 z - 3 potions of mutation
 H - a potion of might {unknown}
 R - a potion of resistance {unknown}
Miscellaneous
 d - a phial of floods


   Skills:
 * Level 13.1 Fighting
 * Level 18.1(18.2) Axes
 + Level 2.5(12.1) Maces & Flails
 + Level 0.1 Throwing
 + Level 11.0 Armour
 * Level 9.2 Dodging
 + Level 1.4 Stealth
 + Level 1.1 Shields
 * Level 7.1 Evocations


You had 12 spell levels left.
You didn't know any spells.
Your spell library was empty.

Dungeon Overview and Level Annotations

Branches:
Dungeon (15/15)            Temple (0/1) D:7            Lair (0/6) D:9
    Orc (0/2) D:12         Vaults (0/5) D:14
 Depths: D:15

Altars:
Dithmenos
Elyvilon
Fedhas
Nemelex Xobeh
Okawaru
The Shining One
Beogh

Shops:
D:9 =   D:11 (

Annotations:
D:7 5 runed translucent doors
D:14 2 transporters, Qyhuz's ghost, journeyman MiBe
D:15 Nessos


Innate Abilities, Weirdness & Mutations

You have a pair of horns on your head.
You reflexively headbutt those who attack you in melee.


Message History

You feel a strong urge to attack something.
You feel very sick.
Nessos shoots an arrow.
The arrow hits you but does no damage.
Nessos casts a spell.
Nessos blinks!
You feel very sick.
Nessos shoots an arrow.
The arrow closely misses you.
Nessos mumbles some strange words.
Nessos blinks!
You feel your anger nearly subside.
You are no longer berserk.
You are exhausted.
You feel yourself slow down.
You feel sick.
You feel very sick.
Nessos gestures wildly while chanting.
Nessos blinks!
Nessos shoots an arrow.
The arrow hits you but does no damage.
Nessos shoots an arrow.
The arrow hits you.
* * * LOW HITPOINT WARNING * * *
The arrow burns you.
* * * LOW HITPOINT WARNING * * *
You feel sick.
Nessos shoots an arrow.
The arrow hits you.
* * * LOW HITPOINT WARNING * * *
The arrow burns you.
* * * LOW HITPOINT WARNING * * *
Nessos shoots an arrow.
The arrow barely misses you.
Nessos shoots an arrow.
The arrow hits you but does no damage.
Nessos shoots an arrow.
The arrow hits you!
* * * LOW HITPOINT WARNING * * *
The arrow burns you.
* * * LOW HITPOINT WARNING * * *
It was a potion of berserk rage.
You're still recovering from your berserk rage.
* * * LOW HITPOINT WARNING * * *
You feel sick.
Nessos shoots an arrow.
The arrow barely misses you.
Nessos casts a spell.
Nessos blinks!
Nessos gestures wildly while chanting.
Nessos blinks!
It was a potion of attraction.
You feel attractive to monsters.
You die...

#........##.# +.........#.##
#............ #.........#c#
#....##..)#.# #
###........§##..
#...§...#......#
#!...........^#
#.......@.....#
#.............#
##.###.............#
#..................#
######...####......###########
#.......+ +......#..........
#.###...# #......#.#########
#.# ##### ########..#......#
#.# #####...<..####.#


You could see Nessos (fast).

Vanquished Creatures
  Jorgrun (D:11)
  Frances (D:12)
  4 boulder beetles
  A vault guard (D:14)
  2 centaur warriors
  2 two-headed ogres
  2 tengu warriors
  A wizard (D:14)
  A necromancer (D:14)
  3 deep elf pyromancers
  9 ugly things
  A cyclops (D:6)
  2 manticores
  Joseph (D:7)
  3 gargoyles
  3 komodo dragons (D:9)
  4 unseen horrors
  A kobold demonologist (D:10)
  3 tengu conjurers
  3 efreet
  A yaktaur (D:14)
  4 trolls
  Grinder (D:3)
  5 slime creatures (D:13)
  A jumping spider (D:10)
  3 shadows
  A wyvern (D:9)
  Sigmund (D:3)
  3 wraiths
  A basilisk (D:9)
  4 yaks (D:10)
  A steam dragon (D:5)
  21 humans
  2 redbacks (D:10)
  A death yak simulacrum (D:13)
  11 vampire mosquitoes
  Menkaure (D:4)
  3 water moccasins (D:7)
  Duvessa (D:7)
  9 orc warriors
  A swamp drake (D:9)
  A black bear (shapeshifter) (D:14)
  A black bear (D:5)
  A centaur (D:11)
  10 ogres
  A kobold brigand (D:10)
  A phantom (D:5)
  3 bullfrogs
  3 gnoll sergeants
  Blork the orc (D:5)
  A scorpion (D:6)
  2 two-headed ogre simulacra (D:13)
  Dowan (D:7)
  A water moccasin skeleton (D:7)
  6 killer bees (D:8)
  5 wights (D:6)
  9 howler monkeys
  2 jellies (D:6)
  Crazy Yiuf (D:5)
  20 orc priests
  2 centaur zombies
  9 hounds
  2 bullfrog skeletons
  2 centaur skeletons
  4 gnoll shamans
  Jessica (D:2)
  A scorpion zombie (D:5)
  Natasha (thrice) (D:3)
  An iguana (D:4)
  18 orc wizards
  A killer bee zombie (D:5)
  A polar bear simulacrum (D:13)
  A wolf simulacrum (D:13)
  Robin (D:2)
  14 gnolls
  3 howler monkey skeletons
  6 adders
  3 naga simulacra (D:13)
  2 shadow imps
  2 white imps (D:6)
  An ufetubus (D:5)
  4 worms
  A dart slug (D:3)
  41 orcs
  9 ball pythons
  6 bats
  9 endoplasms
  3 giant cockroaches
  13 goblins
  6 hobgoblins
  6 jackals
  3 quokkas
  2 frilled lizards
  12 kobolds
  3 rats
390 creatures vanquished.

Vanquished Creatures (collateral kills)
  A lindwurm (D:10)
  2 lava snakes (D:10)
3 creatures vanquished.

Vanquished Creatures (others)
  2 orc wizards (D:6)
  38 plants
40 creatures vanquished.

Grand Total: 433 creatures vanquished

Notes
Turn   | Place    | Note
-------+----------+-------------------------------------------
     0 | D:1      | cbfl8 the Minotaur Berserker began the quest for the Orb.
     0 | D:1      | Reached XP level 1. HP: 19/19 MP: 0/0
   211 | D:1      | Found a faded altar of an unknown god.
   268 | D:1      | Reached XP level 2. HP: 24/27 MP: 1/1
   324 | D:1      | Reached skill level 4 in Axes
  1113 | D:2      | Noticed Robin
  1117 | D:2      | Killed Robin
  1118 | D:2      | Reached XP level 3. HP: 33/33 MP: 2/2
  1120 | D:2      | Reached ** piety under Trog
  1714 | D:2      | Reached skill level 5 in Axes
  1828 | D:2      | Reached XP level 4. HP: 38/40 MP: 3/3
  1973 | D:2      | Noticed Jessica
  1982 | D:2      | Killed Jessica
  2406 | D:3      | Noticed Grinder
  2411 | D:3      | Killed Grinder
  2412 | D:3      | Reached skill level 6 in Axes
  2412 | D:3      | Reached XP level 5. HP: 47/47 MP: 4/4
  2412 | D:3      | Reached XP level 6. HP: 55/55 MP: 5/5
  2763 | D:3      | Noticed Sigmund
  2776 | D:3      | Killed Sigmund
  2777 | D:3      | Reached skill level 5 in Fighting
  2777 | D:3      | Reached skill level 7 in Axes
  2932 | D:3      | Noticed Natasha
  2939 | D:3      | Killed Natasha
  3160 | D:3      | Reached XP level 7. HP: 61/61 MP: 6/6
  3785 | D:3      | Noticed Natasha
  3793 | D:3      | Killed Natasha
  3886 | D:3      | Noticed Natasha
  3894 | D:3      | Killed Natasha
  3894 | D:3      | Reached *** piety under Trog
  4191 | D:3      | Identified the +3 mace of Paschaph {freeze, rPois SInv}
  4430 | D:4      | Reached skill level 8 in Axes
  4442 | D:4      | Noticed Menkaure
  4452 | D:4      | Killed Menkaure
  4935 | D:4      | Reached skill level 1 in Evocations
  4955 | D:4      | Found an iron altar of Okawaru.
  4958 | D:4      | Found a sparkling altar of Nemelex Xobeh.
  5275 | D:5      | Entered Level 5 of the Dungeon
  5282 | D:5      | Noticed a steam dragon
  5284 | D:5      | Noticed Blork the orc
  5291 | D:5      | Killed a steam dragon
  5292 | D:5      | Reached skill level 1 in Maces & Flails
  5292 | D:5      | Reached skill level 5 in Armour
  5295 | D:5      | Killed Blork the orc
  5296 | D:5      | Reached XP level 8. HP: 70/70 MP: 7/7
  6592 | D:5      | Found a runed translucent door.
  6593 | D:5      | Noticed Crazy Yiuf
  6910 | D:5      | Killed Crazy Yiuf
  6911 | D:5      | Reached skill level 9 in Axes
  7092 | D:6      | Reached skill level 5 in Dodging
  7180 | D:6      | Reached XP level 9. HP: 79/79 MP: 8/8
  7194 | D:6      | Reached skill level 1 in Stealth
  7351 | D:6      | Noticed a cyclops
  7612 | D:6      | Reached skill level 10 in Axes
  7659 | D:6      | Killed a cyclops
  8005 | D:6      | Reached skill level 11 in Axes
  8007 | D:6      | Reached **** piety under Trog
  8681 | D:6      | Reached XP level 10. HP: 86/90 MP: 9/9
  9406 | D:7      | Reached skill level 12 in Axes
  9601 | D:7      | Found a shadowy altar of Dithmenos.
  9605 | D:7      | Found a blossoming altar of Fedhas.
  9668 | D:7      | Found a staircase to the Ecumenical Temple.
  9917 | D:7      | Noticed Dowan
  9923 | D:7      | Noticed Duvessa
  9924 | D:7      | Killed Dowan
  9940 | D:7      | Killed Duvessa
 10483 | D:7      | Found the +9 staff of Olgreb {rPois∞}
 10488 | D:7      | Found a runed translucent door.
 10494 | D:7      | Found a runed translucent gate.
 10494 | D:7      | Found a runed translucent gate.
 10495 | D:7      | Found a runed translucent door.
 10507 | D:7      | Found a runed translucent gate.
 10583 | D:7      | Found a glowing golden altar of the Shining One.
 10613 | D:7      | Noticed Joseph
 10625 | D:7      | Killed Joseph
 10988 | D:7      | Identified the +5 chain mail of Twilight {rF- Will+++}
 11085 | D:8      | Noticed a centaur warrior
 11089 | D:8      | Killed a centaur warrior
 11090 | D:8      | Reached skill level 13 in Axes
 11415 | D:8      | Reached ***** piety under Trog
 11423 | D:8      | Found a white marble altar of Elyvilon.
 12798 | D:9      | Found Toipnamm's Jewellery Shoppe.
 12806 | D:9      | Noticed a two-headed ogre
 12814 | D:9      | Killed a two-headed ogre
 12815 | D:9      | Reached XP level 11. HP: 94/99 MP: 10/10
 13316 | D:9      | Received a gift from Trog
 13317 | D:9      | Reached skill level 1 in Shields
 13342 | D:9      | Found a staircase to the Lair.
 13402 | D:9      | Reached skill level 14 in Axes
 13663 | D:10     | Entered Level 10 of the Dungeon
 13700 | D:10     | Reached skill level 10 in Fighting
 13875 | D:10     | Reached skill level 5 in Evocations
 14507 | D:10     | Found a runed translucent door.
 15023 | D:10     | Found a runed translucent gate.
 15024 | D:10     | Noticed a boulder beetle
 15025 | D:10     | Found a runed translucent gate.
 15026 | D:10     | Found a runed translucent gate.
 15026 | D:10     | Found a runed translucent gate.
 15026 | D:10     | Found a runed translucent gate.
 15026 | D:10     | Noticed a lindwurm
 15027 | D:10     | Found a runed translucent gate.
 15097 | D:10     | Killed a boulder beetle
 15102 | D:10     | Killed a lindwurm
 15103 | D:10     | Reached skill level 15 in Axes
 15228 | D:10     | Identified the amulet of Zin's Wrath {RegenMP Fly rC++
                  | MP+9}
 15293 | D:11     | Noticed a cyan ugly thing
 15305 | D:11     | Killed a cyan ugly thing
 15321 | D:11     | Noticed a brown ugly thing
 16047 | D:11     | Killed a brown ugly thing
 16162 | D:11     | Found Meescha's Firing Range.
 16337 | D:11     | Reached XP level 12. HP: 108/108 MP: 6/11
 16777 | D:12     | Noticed Jorgrun
 16778 | D:12     | Noticed Frances
 17315 | D:12     | Noticed a boulder beetle
 17523 | D:11     | Killed Jorgrun
 17989 | D:12     | Reached skill level 16 in Axes
 18130 | D:12     | Found the +2 shield of Resistance {rF++ rC++ Will++}
 18692 | D:12     | Found a staircase to the Orcish Mines.
 18758 | D:12     | Killed Frances
 18759 | D:12     | Reached skill level 10 in Armour
 19076 | D:12     | Killed a boulder beetle
 20222 | D:13     | Noticed a two-headed ogre
 20230 | D:13     | Killed a two-headed ogre
 20235 | D:13     | Noticed a centaur warrior
 20240 | D:13     | Killed a centaur warrior
 20280 | D:13     | Noticed a tengu warrior
 20289 | D:13     | Noticed a boulder beetle
 20296 | D:13     | Killed a tengu warrior
 20302 | D:13     | Killed a boulder beetle
 20662 | D:13     | Noticed a boulder beetle
 20668 | D:13     | Killed a boulder beetle
 20669 | D:13     | Reached skill level 17 in Axes
 20748 | D:13     | Reached XP level 13. HP: 84/119 MP: 7/12
 23936 | D:14     | Reached skill level 18 in Axes
 24239 | D:14     | Noticed Qyhuz's ghost (journeyman MiBe)
 24391 | D:14     | Found a transporter.
 24407 | D:14     | Found a transporter.
 24833 | D:14     | Found a gate to the Vaults.
 24994 | D:15     | Entered Level 15 of the Dungeon
 25083 | D:15     | Noticed Nessos
 25110 | D:15     | HP: 6/122 [Nessos/arrow (8)]
 25111 | D:15     | HP: 1/122 [poisoned by Nessos]
 25112 | D:15     | Succumbed to Nessos's poison

Illustrated notes

Levels and vault maps discovered:
D:1:      minmay_arrival_up_and_down, layout_basic,
          chequers_ecumenical_altar_simple_redux
D:2:      wander_river, layout_loops_ring, uniq_jessica, uniq_robin
D:3:      layout_loops_corners, serial_bayou, serial_bayou_ford_a,
          serial_bayou_shore_a, serial_bayou_lagoon_b, serial_bayou_pond_c,
          cheibrodos_gnoll_hut, uniq_sigmund, uniq_natasha, uniq_grinder
D:4:      layout_basic, jmf_multi_god_temple, uniq_menkaure
D:5:      layout_basic, kennysheep_generic_room_13, uniq_blork_the_orc,
          uniq_crazy_yiuf_cottage
D:6:      lemuel_castle_with_subvaults [lemuel_castle_interior_original],
          layout_rooms
D:7:      layout_basic, tso_oasis_becter,
          chequers_temple_overflow_statue_of_worship,
          minmay_temple_entry_statues_pillars,
          minmay_guarded_unrand_staff_of_olgreb, uniq_duvessa, uniq_joseph
D:8:      layout_basic, elyvilon_altar_1
D:9:      layout_long_grid, erik_lair_dragon, serial_shops, shop,
          david_defended_altar_orc
D:10:     gammafunk_indiana_jones, layout_loops_ring, kennysheep_cross_room,
          dk_noncrumbling_2
D:11:     layout_cross, nicolae_shop_firing_range
D:12:     layout_rooms, david_orc_3, uniq_frances, uniq_jorgrun
D:13:     layout_basic, portal_ice_cave_entry_ice_simulacra
D:14:     layout_loops_cross, grunt_vaults_entry_tiered,
          gammafunk_ghost_mausoleum, chequers_serial_rivers_marsh,
          hangedman_decor_points
D:15:     grunt_enter_depths_magical_seal, layout_basic, feat_on_display,
          uniq_nessos

Skill      XL: |  1  2  3  4  5  6  7  8  9 10 11 12 13 |
---------------+----------------------------------------+-----
Axes           | 4 5 6 7 8 9 11 13 15 17 18 | 18.1
Fighting       | 4 5 7 8 9 10 12 13 | 13.1
Armour         | 3 4 5 6 7 8 9 10 11 | 11.0
Dodging        | 3 4 5 6 7 8 9 |  9.2
Evocations     | 1 2 3 4 5 6 7 |  7.1
Maces & Flails | 1 2 |  2.5
Stealth        | 1 |  1.4
Shields        | 1 |  1.1
Throwing       | |  0.1

Action                   |  1- 3 |  4- 6 |  7- 9 | 10-12 | 13-15 || total
-------------------------+-------+-------+-------+-------+-------++-------
Melee: Hand axe          |    77 |    58 |    35 |       |       ||   170
       Headbutt          |    10 |    10 |    40 |   126 |    22 ||   208
       Punch             |     1 |     2 |     3 |     6 |       ||    12
       Mace              |       |       |    42 |       |       ||    42
       War axe           |       |       |   169 |   249 |       ||   418
       Battleaxe         |       |       |       |   303 |   135 ||   438
Throw: Throwing net      |       |       |       |     6 |       ||     6
Invok: Berserk           |     1 |     3 |     4 |    13 |     2 ||    23
       Trog's Hand       |       |       |     1 |     2 |       ||     3
       Brothers in Arms  |       |       |       |     1 |       ||     1
Evoke: Wand              |       |       |     7 |     6 |    11 ||    24
  Use: Scroll            |       |     2 |     3 |     7 |     3 ||    15
       Potion            |       |       |     2 |     2 |    13 ||    17
 Stab: Confused          |       |       |       |     1 |       ||     1
       Held in net/web   |       |       |       |     1 |       ||     1
Armor: Animal skin       |     1 |       |       |       |       ||     1
       Ring mail         |    24 |     9 |    50 |    12 |       ||    95
       Chain mail        |       |       |       |   497 |   130 ||   627
       Plate armour      |       |       |       |    19 |       ||    19
Dodge: Dodged            |    44 |    27 |   120 |   268 |   126 ||   585
Block: Kite shield       |       |       |       |    25 |       ||    25
